 Dungeon Crawl Stone Soup version 0.21.1-1-g345015f (webtiles) character file.

36781 zerrissenhiet the Fencer (level 13, -1/69 HPs)
             Began as a Gargoyle Berserker on July 6, 2018.
             Was a High Priest of Trog.
             Engulfed by a fire crab's flame (13 damage)
             ... on level 6 of the Lair of Beasts.
             The game lasted 01:21:37 (20185 turns).

zerrissenhiet the Fencer (Gargoyle Berserker)      Turns: 20185, Time: 01:21:37

Health: -1/69      AC: 28    Str: 34    XL:     13   Next: 92%
Magic:  22/22      EV: 12    Int:  9    God:    Trog [*****.]
Gold:   1150       SH:  0    Dex: 13    Spells: 12/12 levels left

rFire    . . .     SeeInvis +   F - +2 great sword (slice)
rCold    . . .     Gourm    .   (shield currently unavailable)
rNeg     + . .     Faith    .   u - +2 leather armour "Tolubeb" {*Contam Str+6}
rPois    ∞         Spirit   .   p - +0 helmet
rElec    +         Reflect  .   b - +0 cloak
rCorr    .         Harm     .   z - +0 pair of gloves {Dex+3}
MR       +....                  m - +2 pair of boots
Stlth    +.........             O - amulet of regeneration
HPRegen  0.61/turn              C - ring of see invisible
MPRegen  0.18/turn              o - ring of Wympapit {MR+ MP+9 Str+6}

@: very slightly contaminated
A: iridescent scales 1, molten scales 1, blink, negative energy resistance 1,
electricity resistance, weak 1, unbreathing, petrification resistance, rot
immunity, AC +9
a: Blink, Berserk, Trog's Hand, Brothers in Arms, Burn Spellbooks, Renounce
Religion


You were on level 6 of the Lair of Beasts.
You worshipped Trog.
Trog was extremely pleased with you.
You were not hungry.

You visited 2 branches of the dungeon, and saw 17 of its levels.
You also visited: Labyrinth.

You collected 1150 gold pieces.

Inventory:

Hand Weapons
 x - a +5 scimitar of flaming
 F - a +2 great sword of slicing (weapon)
 J - a +5 antimagic long sword
Missiles
 h - 3 steel javelins (quivered)
 H - 2 javelins of penetration
Armour
 b - a +0 cloak (worn)
 m - a +2 pair of boots (worn)
 p - a +0 helmet (worn)
 u - the +2 leather armour "Tolubeb" (worn) {*Contam Str+6}
   (You found it on level 4 of the Dungeon)

   It affects your strength (+6).
   It causes magical contamination when unequipped.
 z - a +0 pair of gloves of dexterity (worn)
 B - a +0 ring mail of positive energy
Jewellery
 o - the ring of Wympapit (right hand) {MR+ MP+9 Str+6}
   (You acquired it on level 2 of the Lair of Beasts)

   [ring of protection from magic]

   It affects your strength (+6).
   It affects your resistance to hostile enchantments.
   It affects your magic capacity (+9).
 C - a ring of see invisible (left hand)
 D - an uncursed ring of fire
 E - the ring "Unuaw" {rCorr rC+++ MP+9 Str-2 Stlth+}
   (You found it on level 11 of the Dungeon)

   [ring of resist corrosion]

   It affects your strength (-2).
   It renders you almost immune to cold.
   It affects your magic capacity (+9).
   It makes you more stealthy.
 O - an amulet of regeneration (around neck)
Wands
 l - a wand of paralysis (91)
 s - a wand of disintegration (40)
 M - a wand of digging (12)
Scrolls
 e - 10 scrolls of remove curse
 i - a scroll of summoning
 k - a scroll of fog
 q - 2 scrolls of holy word
 r - 2 scrolls of blinking
 v - 7 scrolls of teleportation
 y - 2 scrolls of magic mapping
 Q - 10 scrolls of identify
Potions
 d - a potion of berserk rage
 g - a potion of flight
 j - 9 potions of curing
 n - a potion of agility
 t - a potion of haste
 w - 2 potions of cancellation
 L - a potion of ambrosia
 N - 2 potions of resistance
Miscellaneous
 a - a lightning rod (4/4)
 A - a box of beasts
Comestibles
 c - 21 rations
 G - 4 chunks of flesh


   Skills:
 - Level 3.6 Fighting
 * Level 18.2 Long Blades
 - Level 11.4 Armour
 - Level 1.6 Dodging


You had 12 spell levels left.
You didn't know any spells.

Dungeon Overview and Level Annotations

Branches:
Dungeon (11/15)            Temple (0/1) D:7            Lair (6/6) D:11
 Shoals (0/4) Lair:2        Snake (0/4) Lair:4        Slime (0/5) Lair:6
    Orc (0/2) D:11

Altars:
Cheibriados
Gozag
Kikubaaqudgha
Qazlal
Sif Muna
Vehumet
Wu Jian
Zin
Jiyva

Shops:
D:3 *   D:6 *


Innate Abilities, Weirdness & Mutations

You are resistant to torment.
Your stone body is resilient. (AC +9)
You are immune to poison.
You resist negative energy. (rN+)
You are resistant to electric shocks. (rElec)
You can survive without breathing.
You are immune to petrification.
You are immune to rotting.
You are partially covered in iridescent scales. (AC +2)
You are partially covered in molten scales. (AC +2)
You can translocate small distances at will.
You are weak. (Str -2)


Message History

The wolf is engulfed in blazing flames.
The wolf closely misses you.
The wolf is engulfed in blazing flames.
The wolf dies!
The fire crab bites you but does no damage.
The fire crab claws you but does no damage.
Blink to where?
Press: ? - help, Dir - move target cursor You are very lightly contaminated with residual magic.
As you read the scroll of blinking, it crumbles to dust.
Throwing (i - inventory. (,) - cycle):
h - 4 steel javelins (quivered)
Press: ? - help, Shift-Dir - straight line, f - fire crab
Aim: a fire crab (heavily wounded)
You throw a steel javelin. The steel javelin hits the fire crab.
The fire crab is severely wounded.
The fire crab breathes flames at you.
You are engulfed in blazing flames.
* * * LOW HITPOINT WARNING * * *
The fungus is engulfed in blazing flames.
You feel better.
You are engulfed in blazing flames.
You die...

#####....##..#....#
#.........##.#..(.#
.........<....##t##
................§##
........P#...#.#.§#
P.#..#...##.####.§#
....##...##.# #.P#
....P...##÷.####§##
###...P.......##@## #
#............§§.# #
####.....PP......## #
........#PP.P.<^.## ##### #
........###.P.....####...# #
..##....# #.##....#.#...####
#
#.###...###..#.....#...#.#.##
# .##
##........".............## #
##
#............P...P.......####


You could see a fire crab.

Vanquished Creatures
  Josephine (Lair:4)
  Erica (Lair:1)
  6 death yaks (Lair:6)
  2 skeletal warriors (D:11)
  An unseen horror (D:9)
  The ghost of Daze the Ducker, a novice MfVM of Nemelex Xobeh (D:8)
  Pikel (D:6)
  An ugly thing (D:11)
  An oklob plant (Lair:5)
  A deep elf mage (D:9)
  A manticore (Lair:2)
  4 elephants (Lair:3)
  Joseph (D:7)
  3 black mambas
  7 spiny frogs
  3 torpor snails (Lair:3)
  4 komodo dragons
  A rime drake (Lair:3)
  A minotaur zombie (Lab)
  3 trolls
  2 polar bears (Lair:6)
  Grinder (D:3)
  2 hornets (Lair:6)
  7 dream sheep
  Sigmund (D:2)
  6 hippogriffs
  A wyvern (Lair:5)
  5 wraiths (Lair:4)
  20 yaks
  2 redbacks (Lab)
  3 hogs (D:8)
  A human (D:8)
  4 hungry ghosts (Lab)
  A steam dragon (D:11)
  A soldier ant (D:6)
  2 nagas (Lair:4)
  Duvessa (D:6)
  9 water moccasins
  6 porcupines
  2 sky beasts
  4 ice beasts
  2 orc warriors
  3 necrophages
  2 slaves (D:6)
  5 ogres
  A phantom (D:9)
  9 wolves
  6 centaurs
  13 crocodiles
  3 big kobolds
  19 bullfrogs
  Dowan (D:6)
  A water moccasin zombie (D:5)
  2 wyvern skeletons
  A scorpion (D:8)
  12 killer bees (D:9)
  4 wights (D:8)
  8 crimson imps
  3 bullfrog zombies
  2 centaur zombies
  5 hounds
  4 jellies
  An orc priest (D:10)
  An orc wizard (D:10)
  A bullfrog skeleton (D:6)
  A gnoll shaman (D:6)
  6 iguanas
  6 hell rats (Lair:1)
  13 worker ants
  A hound skeleton (D:5)
  A howler monkey zombie (D:8)
  Robin (D:2)
  14 adders
  9 gnolls
  2 river rats (Lair:1)
  2 shadow imps
  2 oozes
  An adder skeleton (D:4)
  An adder zombie (D:8)
  2 worms
  A dart slug (D:1)
  8 leopard geckos
  26 orcs
  A ball python (D:1)
  5 giant cockroaches
  12 goblins
  8 hobgoblins
  13 jackals
  8 quokkas
  9 bats
  6 frilled lizards
  A jackal skeleton (D:6)
  37 kobolds
  A quokka zombie (D:5)
  16 rats
  3 plants
451 creatures vanquished.

Vanquished Creatures (collateral kills)
  A minotaur (Lab)
  A skeletal warrior (D:11)
  2 dream sheep (Lair:3)
  2 yaks (D:11)
  2 water moccasins
  5 centaurs (D:11)
  A worker ant (D:11)
14 creatures vanquished.

Vanquished Creatures (others)
  A wolf (Lair:6)
  A worker ant (D:6)
  3 orcs (D:6)
  A bush (Lair:6)
  9 fungi
  8 plants
23 creatures vanquished.

Grand Total: 488 creatures vanquished

Notes
Turn   | Place    | Note
-------+----------+-------------------------------------------
     0 | D:1      | zerrissenhiet the Gargoyle Berserker began the quest for the Orb.
     0 | D:1      | Reached XP level 1. HP: 14/14 MP: 1/1
   282 | D:1      | Reached XP level 2. HP: 16/19 MP: 2/2
   522 | D:1      | Reached skill level 3 in Long Blades
   836 | D:2      | Reached XP level 3. HP: 23/23 MP: 3/3
   959 | D:2      | Reached ** piety under Trog
   980 | D:2      | Noticed Robin
   991 | D:2      | Killed Robin
   997 | D:2      | Reached XP level 4. HP: 28/28 MP: 4/4
  1274 | D:2      | Reached skill level 4 in Long Blades
  1413 | D:2      | Found a radiant altar of Vehumet.
  1652 | D:2      | Noticed Sigmund
  1656 | D:2      | Killed Sigmund
  1656 | D:2      | Reached skill level 5 in Long Blades
  1656 | D:2      | Reached XP level 5. HP: 32/32 MP: 5/5
  1656 | D:2      | Reached XP level 6. HP: 37/37 MP: 6/6
  1758 | D:2      | Found an ancient bone altar of Kikubaaqudgha.
  2182 | D:3      | Noticed Grinder
  2193 | D:3      | Paralysed by Grinder for 3 turns
  2230 | D:3      | Paralysed by Grinder for 6 turns
  2238 | D:3      | Killed Grinder
  2238 | D:3      | Reached skill level 6 in Long Blades
  2238 | D:3      | Reached skill level 5 in Armour
  2238 | D:3      | Reached XP level 7. HP: 27/41 MP: 7/7
  2625 | D:3      | Found an opulent altar of Gozag.
  2628 | D:3      | Found Gozag's Platinum Reserve.
  2782 | D:4      | Reached *** piety under Trog
  2830 | D:4      | Got a faintly humming leather armour
  2841 | D:4      | Identified the +2 leather armour "Tolubeb" {*Contam Str+6} (You found it on level 4 of the Dungeon)
  3589 | D:5      | Entered Level 5 of the Dungeon
  3611 | D:5      | Reached skill level 7 in Long Blades
  3611 | D:5      | Reached XP level 8. HP: 22/47 MP: 8/8
  4673 | D:5      | Reached skill level 8 in Long Blades
  5356 | D:6      | Reached **** piety under Trog
  5500 | D:6      | Noticed Duvessa
  5501 | D:6      | Noticed Dowan
  5510 | D:6      | Killed Duvessa
  5510 | D:6      | Reached XP level 9. HP: 51/51 MP: 9/9
  5523 | D:6      | Killed Dowan
  5523 | D:6      | Reached skill level 9 in Long Blades
  5827 | D:6      | Noticed Pikel
  5861 | D:6      | Killed Pikel
  5985 | D:6      | Gained mutation: You possess an exceptional clarity of mind. [potion of mutation]
  5985 | D:6      | Gained mutation: Your large and strong wings let you fly indefinitely. [potion of mutation]
  5985 | D:6      | Gained mutation: Your body sometimes deteriorates upon taking damage. [potion of mutation]
  5985 | D:6      | Gained mutation: Your spells are a little harder to cast, but a little more powerful. [potion of mutation]
  5987 | D:6      | Lost mutation: Your large and strong wings let you fly indefinitely. [potion of mutation]
  5987 | D:6      | Lost mutation: Your body sometimes deteriorates upon taking damage. [potion of mutation]
  5987 | D:6      | Lost mutation: Your spells are a little harder to cast, but a little more powerful. [potion of mutation]
  5987 | D:6      | Gained mutation: Your muscles are strong. (Str +2) [potion of mutation]
  5987 | D:6      | Gained mutation: You passively map a small area around you. [potion of mutation]
  6057 | D:6      | Reached skill level 10 in Long Blades
  6260 | D:6      | Found an ornate altar of the Wu Jian Council.
  6365 | D:6      | Found a stormy altar of Qazlal.
  6453 | D:6      | Found Zin's Purification Station.
  6455 | D:6      | Found a glowing silver altar of Zin.
  6763 | D:7      | Noticed Joseph
  6782 | D:7      | Killed Joseph
  6782 | D:7      | Reached XP level 10. HP: 56/56 MP: 10/10
  6867 | D:7      | Found a staircase to the Ecumenical Temple.
  7474 | D:8      | Reached skill level 11 in Long Blades
  7598 | D:8      | Noticed Daze's ghost (novice MfVM)
  7632 | D:8      | Reached ***** piety under Trog
  7648 | D:8      | Killed Daze's ghost
  8301 | D:8      | Reached skill level 10 in Armour
  8685 | D:9      | Reached skill level 12 in Long Blades
  8833 | D:9      | Lost mutation: You possess an exceptional clarity of mind. [potion of mutation]
  8833 | D:9      | Lost mutation: You passively map a small area around you. [potion of mutation]
  8833 | D:9      | Lost mutation: Your muscles are strong. (Str +2) [potion of mutation]
  8833 | D:9      | Gained mutation: You can translocate small distances at will. [potion of mutation]
  8833 | D:9      | Gained mutation: You are weak. (Str -2) [potion of mutation]
  8833 | D:9      | Gained mutation: You are partially covered in molten scales. (AC +2) [potion of mutation]
  8850 | D:9      | Found a deep blue altar of Sif Muna.
  9057 | D:9      | Reached XP level 11. HP: 57/60 MP: 11/11
  9519 | D:9      | Killed an unseen horror
  9771 | D:9      | Noticed a deep elf mage
  9782 | D:9      | Killed a deep elf mage
 10122 | D:10     | Entered Level 10 of the Dungeon
 11016 | D:10     | Reached skill level 13 in Long Blades
 11374 | D:11     | Got a faintly glowing bone ring
 11385 | D:11     | Received a gift from Trog
 11395 | D:11     | Identified the ring "Unuaw" {rCorr rC+++ MP+9 Str-2 Stlth+} (You found it on level 11 of the Dungeon)
 11596 | D:11     | Noticed a skeletal warrior
 11613 | D:11     | Killed a skeletal warrior
 11967 | D:11     | Found a staircase to the Orcish Mines.
 12062 | D:11     | Noticed a skeletal warrior
 12078 | D:11     | Killed a skeletal warrior
 12218 | D:11     | Noticed a purple ugly thing
 12229 | D:11     | Killed a purple ugly thing
 12274 | D:11     | Noticed a skeletal warrior
 12295 | D:11     | Killed a skeletal warrior
 12295 | D:11     | Reached skill level 14 in Long Blades
 12449 | D:11     | Found a stormy altar of Qazlal.
 12575 | D:11     | Gained mutation: You are partially covered in iridescent scales. (AC +2) [mutagenic glow]
 12630 | D:11     | Found a staircase to the Lair.
 12844 | D:11     | Reached XP level 12. HP: 64/65 MP: 12/12
 12969 | Lair:1   | Entered Level 1 of the Lair of Beasts
 13199 | Lair:1   | Noticed Erica
 13209 | Lair:1   | Killed Erica
 14089 | Lair:2   | Received a gift from Trog
 14175 | Lair:2   | Reached skill level 15 in Long Blades
 14291 | Lair:2   | Found a staircase to the Shoals.
 14454 | Lair:2   | Found a labyrinth entrance.
 14462 | Lab      | Entered a labyrinth
 14617 | Lab      | Noticed a minotaur
 14879 | Lab      | Killed a minotaur
 15575 | Lair:2   | Identified a scroll of acquirement
 15576 | Lair:2   | Got an ancient glass ring
 15578 | Lair:2   | Identified the ring of Wympapit {MR+ MP+9 Str+6} (You acquired it on level 2 of the Lair of Beasts)
 16328 | Lair:3   | Found a snail-covered altar of Cheibriados.
 16351 | Lair:3   | Reached skill level 16 in Long Blades
 16621 | Lair:3   | Reached XP level 13. HP: 69/69 MP: 13/13
 17411 | Lair:4   | Received a gift from Trog
 17678 | Lair:4   | Found a staircase to the Snake Pit.
 17837 | Lair:4   | Reached skill level 17 in Long Blades
 18338 | Lair:5   | Noticed Josephine
 18956 | Lair:4   | Killed Josephine
 19421 | Lair:5   | Found a deep blue altar of Sif Muna.
 19697 | Lair:6   | Entered Level 6 of the Lair of Beasts
 19984 | Lair:6   | Found a staircase to the Slime Pits.
 19985 | Lair:6   | Found a viscous altar of Jiyva.
 20040 | Lair:6   | Reached skill level 18 in Long Blades
 20184 | Lair:6   | HP: 2/69 [fire crab] (16)]
 20185 | Lair:6   | Engulfed by a fire crab's flame

Skill      XL: |  1  2  3  4  5  6  7  8  9 10 11 12 13 |
---------------+----------------------------------------+-----
Long Blades    | 3 5 6 7 8 10 12 14 16 18 | 18.2
Armour         | 3 4 5 7 8 10 11 | 11.4
Fighting       | |  3.6
Dodging        | |  1.6

Action                   |  1- 3 |  4- 6 |  7- 9 | 10-12 | 13-15 || total
-------------------------+-------+-------+-------+-------+-------++-------
Melee: Falchion          |   117 |   113 |   391 |   441 |       ||  1062
       Great sword       |       |       |       |   228 |   233 ||   461
       Scimitar          |       |       |       |    96 |       ||    96
 Fire: Hunting sling     |       |       |       |    24 |       ||    24
Throw: Javelin           |       |       |       |       |     4 ||     4
Invok: Berserk           |       |     2 |     6 |    11 |     1 ||    20
       Trog's Hand       |       |     1 |     1 |     3 |       ||     5
       Brothers in Arms  |       |       |       |     4 |       ||     4
       Burn Spellbooks   |       |       |       |     4 |     1 ||     5
Evoke: Wand              |       |       |     1 |     4 |     6 ||    11
       Lightning rod     |       |       |       |     2 |       ||     2
  Use: Scroll            |     4 |     3 |    10 |    16 |     7 ||    40
       Potion            |       |     3 |     3 |     6 |     4 ||    16
 Stab: Sleeping          |       |       |       |     1 |       ||     1
  Eat: Chunk             |       |     6 |    17 |    23 |    10 ||    56
       Ration            |       |       |     1 |     9 |     1 ||    11
Armor: Animal skin       |     3 |       |       |       |       ||     3
       Ring mail         |    47 |    58 |    21 |       |       ||   126
       Chain mail        |       |     3 |       |       |       ||     3
       Leather armour    |       |       |   158 |   420 |   128 ||   706
Dodge: Dodged            |    93 |    74 |   207 |   395 |   137 ||   906
       Rpst.: Falchion   |    29 |    27 |    62 |    74 |       ||   192
       Great sword       |       |       |       |    25 |    43 ||    68
       Scimitar          |       |       |       |    11 |       ||    11
